 Dungeon Crawl Stone Soup version 0.24.0-37-gcf1ca852f1 (webtiles) character file.

Game seed: 9721056383173493799, levelgen mode: deterministic

984 Delamore the Cleaver (level 8, -5/64 HPs)
             Began as a Hill Orc Fighter on Dec 8, 2019.
             Was an Initiate of Okawaru.
             Slain by an ogre
             ... wielding a +0 giant club
              (18 damage)
             ... on level 5 of the Dungeon.
             The game lasted 00:06:05 (5368 turns).

Delamore the Cleaver (Hill Orc Fighter)             Turns: 5368, Time: 00:06:05

Health: -5/64      AC:  6    Str: 21    XL:     8   Next: 17%
Magic:  8/8        EV:  7    Int:  8    God:    Okawaru [......]
Gold:   249        SH:  9    Dex: 10    Spells: 7/7 levels left

rFire    . . .     SeeInvis .   a - +0 war axe
rCold    . . .     Gourm    .   c - +0 shield
rNeg     . . .     Faith    .   b - +0 scale mail
rPois    +         Spirit   .   (no helmet)
rElec    .         Reflect  .   (no cloak)
rCorr    +         Harm     .   (no gloves)
MR       .....                  (no boots)
Stlth    ..........             o - amulet of magic regeneration
HPRegen  0.20/turn              l - ring of resist corrosion
MPRegen  0.36/turn              x - ring of poison resistance

@: no status effects
A: no striking features
a: Renounce Religion


You were on level 5 of the Dungeon.
You worshipped Okawaru.
Okawaru was noncommittal.
You were not hungry.

You visited 2 branches of the dungeon, and saw 6 of its levels.

You collected 249 gold pieces.

Inventory:

Hand Weapons
 a - a +0 war axe (weapon)
Missiles
 k - 24 poisoned darts
 q - a boomerang of dispersal (quivered)
 r - 8 javelins
Armour
 b - a +0 scale mail (worn)
 c - a +0 shield (worn)
Jewellery
 l - a ring of resist corrosion (left hand)
 o - an amulet of magic regeneration (around neck)
 x - a ring of poison resistance (right hand)
Scrolls
 e - 2 scrolls of teleportation
 h - 4 scrolls of remove curse
 p - 3 scrolls of identify {unknown}
 s - a scroll of magic mapping {unknown}
 t - a scroll of enchant weapon {unknown}
 v - a scroll of blinking {unknown}
 w - a scroll of enchant armour {unknown}
Potions
 d - a potion of might
 g - a potion of haste {unknown}
 i - 3 potions of curing
 j - a potion of agility
 m - a potion of flight {unknown}
 n - 2 potions of lignification
Comestibles
 f - 11 rations
 u - 2 chunks of flesh


   Skills:
 - Level 3.6 Fighting
 + Level 12.0 Axes
 - Level 3.2 Armour
 - Level 3.2 Shields


You had 7 spell levels left.
You didn't know any spells.
Your spell library was empty.

Dungeon Overview and Level Annotations

Branches:
Dungeon (5/15)             Temple (1/1) D:4

Altars:
Ashenzari
Cheibriados
Dithmenos
Elyvilon
Fedhas
Gozag
Hepliaklqana
Kikubaaqudgha
Makhleb
Nemelex Xobeh
Okawaru
Qazlal
Ru
Sif Muna
Trog
Uskayaw
Vehumet
Wu Jian
Xom
Zin
The Shining One


Message History

You are too injured to fight recklessly!
You are too injured to fight recklessly!
You are too injured to fight recklessly!
You are too injured to fight recklessly!
You closely miss the ogre.
The ogre is heavily wounded.
The ogre hits you with a +0 giant club!
* * * LOW HITPOINT WARNING * * *
Okay, then.
Quiver which item? (- for none, * to show all) (? for menu, Esc to quit)
Okay, then.
Quiver which item? (- for none, * to show all) (? for menu, Esc to quit)
Quivering
q - 2 boomerangs of dispersal for throwing.
Throwing (i - inventory. (/) - cycle)
q - 2 boomerangs of dispersal (quivered)
Press: ? - help, Shift-Dir - straight line, f - ogre
Aim: an ogre, wielding a +0 giant club (heavily wounded)
You throw a boomerang of dispersal.
The boomerang of dispersal closely misses the ogre.
The ogre hits you with a +0 giant club!!
You die...

....#.......#.######
....#.####..#......#
......####..#......#
###................+
#..#####..#......#
#..########.##########
#.>...................
#.#######.#.#.$....#
#.# ...#.+.@....# #.#
#.. ###..O...# #.# #..
#......... #.# ##
+(........ #.#
#......... #.#######
######.... #.......#
.... #######.# ... #.#


You could see an ogre.

Vanquished Creatures
  A sky beast (D:3)
  An ogre (D:5)
  A phantom (D:5)
  2 scorpions (D:4)
  A crimson imp (D:4)
  An orc priest (D:4)
  Natasha (twice) (D:3)
  7 orc wizards (D:4)
  5 worker ants
  7 adders
  An ooze (D:4)
  5 worms
  3 leopard geckos
  25 orcs
  2 ball pythons
  9 bats
  5 giant cockroaches
  9 goblins
  2 hobgoblins
  7 jackals
  10 kobolds
  3 quokkas
  2 frilled lizards (D:2)
  A quokka skeleton (D:4)
  7 rats
119 creatures vanquished.

Notes
Turn   | Place    | Note
-------+----------+-------------------------------------------
     0 | D:1      | Delamore the Hill Orc Fighter began the quest for the Orb.
     0 | D:1      | Reached XP level 1. HP: 19/19 MP: 1/1
    87 | D:1      | Reached skill level 3 in Axes
   373 | D:1      | Reached XP level 2. HP: 26/26 MP: 2/2
   468 | D:1      | Reached skill level 4 in Axes
  1070 | D:2      | Reached XP level 3. HP: 30/31 MP: 3/3
  1433 | D:2      | Reached skill level 5 in Axes
  1598 | D:2      | Reached XP level 4. HP: 38/39 MP: 4/4
  2143 | D:3      | Reached skill level 6 in Axes
  2471 | D:3      | Reached XP level 5. HP: 45/45 MP: 5/5
  2645 | D:3      | Noticed a sky beast
  2646 | D:3      | Noticed Natasha
  2658 | D:3      | Killed a sky beast
  2658 | D:3      | Reached skill level 7 in Axes
  2665 | D:3      | Killed Natasha
  2665 | D:3      | Reached skill level 8 in Axes
  2665 | D:3      | Reached XP level 6. HP: 22/51 MP: 6/6
  3124 | D:3      | Noticed Natasha
  3133 | D:3      | Killed Natasha
  3165 | D:4      | Reached skill level 9 in Axes
  3246 | D:4      | Reached XP level 7. HP: 16/57 MP: 7/7
  3653 | D:4      | Reached skill level 10 in Axes
  3938 | D:4      | Found a staircase to the Ecumenical Temple.
  3952 | D:4      | Reached skill level 11 in Axes
  3961 | Temple   | Entered the Ecumenical Temple
  4277 | Temple   | Became a worshipper of Warmaster Okawaru
  4921 | D:5      | Entered Level 5 of the Dungeon
  5073 | D:5      | Reached XP level 8. HP: 62/64 MP: 8/8
  5358 | D:5      | Reached skill level 12 in Axes
  5368 | D:5      | Slain by an ogre

Levels and vault maps discovered:
D:1:      tarquinn_simple_flora_water_b, layout_basic, serial_park_tiny_pond,
          minmay_octomino_e4
D:2:      layout_basic
D:3:      layout_loops_corners, uniq_natasha
D:4:      layout_layer_cave, minmay_temple_entry_mini_moons, first_ration,
          kennysheep_generic_room_12
D:5:      layout_basic, minmay_ogre_servants
Temple:   kilobyte_greek_temple

Skill      XL: |  1  2  3  4  5  6  7  8 |
---------------+-------------------------+-----
Axes           | 3 4 5 6 8 9 11 12 | 12.0
Fighting       | |  3.6
Armour         | |  3.2
Shields        | |  3.2

Action                   |  1- 3 |  4- 6 |  7- 9 || total
-------------------------+-------+-------+-------++-------
Melee: War axe           |   164 |   175 |   147 ||   486
Throw: Boomerang         |       |       |     1 ||     1
  Use: Scroll            |     2 |       |       ||     2
       Potion            |       |     2 |       ||     2
  Eat: Chunk             |     2 |     6 |     7 ||    15
Armor: Scale mail        |   101 |    53 |    47 ||   201
       Skin              |       |     1 |     1 ||     2
Dodge: Dodged            |    59 |    48 |    33 ||   140
Block: Shield            |   100 |    66 |    53 ||   219
